 Dungeon Crawl Stone Soup version 0.29.1-12-g30fa7ad0bf (webtiles) character file.

Game seed: 8491618193684333303

60 Lutefisk the Gusty (level 4, 0/28 HPs)
             Began as a Tengu Air Elementalist on Dec 19, 2022.
             Succumbed to a scorpion's poison
             ... on level 2 of the Dungeon.
             The game lasted 00:06:22 (608 turns).

Lutefisk the Gusty (Tengu Air Elementalist)          Turns: 608, Time: 00:06:22

Health: 0/28       AC:  2    Str:  8    XL:     4   Next: 6%
Magic:  7/8        EV: 12    Int: 18    God:
Gold:   64         SH:  0    Dex: 14    Spells: 4/7 levels left

rFire   . . .      SeeInvis .   f - +0 whip
rCold   . . .      Faith    .   (no shield)
rNeg    . . .      Spirit   .   a - +0 robe
rPois   .          Reflect  .   (helmet restricted)
rElec   .          Harm     .   (no cloak)
rCorr   .          Rampage  .   (no gloves)
Will    .....                   (boots unavailable)
Stlth   ++........              (no amulet)
HPRegen 0.09/turn               (no ring)
MPRegen 0.11/turn               (no ring)

@: mighty, lethally poisoned (0 -> -6), flying
A: beak, talons 3
a: no special abilities


You were on level 2 of the Dungeon.
You visited 1 branch of the dungeon, and saw 2 of its levels.

You collected 64 gold pieces.

Inventory:

Hand Weapons
 f - a +0 whip (weapon)
 g - a +0 long sword
Missiles
 l - 8 javelins
Armour
 a - a +0 robe (worn)
Scrolls
 c - a scroll of teleportation {unknown}
 d - a scroll of magic mapping {unknown}
 j - 3 scrolls of poison {unknown}
 k - a scroll of fog {unknown}
Potions
 i - a potion of brilliance {unknown}


   Skills:
 - Level 3.0 Fighting
 - Level 2.1 Dodging
 - Level 2.0 Stealth
 - Level 2.0 Spellcasting
 - Level 2.0 Conjurations
 * Level 4.5 Air Magic


You had 4 spell levels left.
You knew the following spells:

 Your Spells              Type           Power      Damage    Failure   Level
a - Shock                 Conj/Air       52%        1d6       4%          1
b - Static Discharge      Conj/Air       13%        3-5/arc   7%          2

Your spell library contained the following spells:

 Spells                   Type           Power      Damage    Failure   Level
 Swiftness                Air            18%        N/A       9%          3
 Airstrike                Air            9%         2d(2-18)  28%         4


Dungeon Overview and Level Annotations

Branches:
Dungeon (2/15)

Altars:


Innate Abilities, Weirdness & Mutations

You have a beak for a mouth.
You have claws for feet.


Message History

Press: ? - help, Shift-Dir - straight line The zap hits the endoplasm.
The endoplasm is lightly wounded.
The zap hits the endoplasm.
The endoplasm is heavily wounded.
Unknown command.
You completely miss the endoplasm.
The endoplasm is heavily wounded.
The endoplasm barely misses you.
You hit the endoplasm.
You kill the endoplasm!
A scorpion comes into view.
Magic courses through your body. The scorpion stings you!
You are lethally poisoned!
The scorpion poisons you!
Aiming: Shock (safe; 4% risk of failure)
Press: ? - help, Q - select action, (/) - cycle Shift-Dir - straight line
Okay, then.
Casting: Shock (safe; 4% risk of failure)
Confirm with . or Enter, or press ? or * to list all spells.
Aiming: Shock (safe; 4% risk of failure)
Press: ? - help, Shift-Dir - straight line The zap hits the scorpion.
The scorpion is lightly wounded.
The zap hits the scorpion.
The scorpion is moderately wounded.
* * * LOW HITPOINT WARNING * * *
You feel very sick. The scorpion stings you.
* * * LOW HITPOINT WARNING * * *
The scorpion stings you.
* * * LOW HITPOINT WARNING * * *
It was a potion of might.
You feel very mighty all of a sudden.
* * * LOW HITPOINT WARNING * * *
You feel sick. The scorpion closely misses you.
It was a potion of flight.
You feel very buoyant.
You fly up into the air.
You die...

#.# #........ #.# ..
.......#.## #.# #.#
..#.##.#.# # #.# #.#
#.#.##.#.## ###.# #.#
#.#.##.#..# )...# #.#
#.#.##.##.# ###.#
#########.# ##.#.##.##.#
# #.#
.......s..####..#†##†#...
#.#
########@.........J.#....
###.# ##.##.###.###.#...
..#.# #....# #.....##.#
#.#.# .#
####.###.######.# #.#.#
.# #.....# #.# #.#.# .#
#....### #.# #.#.# .#
#.##.# #.#
#.#.###.####### #.##.#
#.# <.............##
#.##.# #.#


You could see a scorpion.

Vanquished Creatures
  2 adders (D:2)
  A dart slug (D:1)
  4 endoplasms
  3 goblins (D:2)
  4 hobgoblins
  4 jackals
  3 quokkas
  4 ball pythons
  5 bats
  A frilled lizard (D:2)
  2 kobolds
  6 rats
39 creatures vanquished.

Notes
Turn   | Place    | Note
-------+----------+-------------------------------------------
     0 | D:1      | Lutefisk the Tengu Air Elementalist began the quest for the
                  | Orb.
     0 | D:1      | Reached XP level 1. HP: 10/10 MP: 4/4
    45 | D:2      | Reached skill level 1 in Fighting
    94 | D:1      | Reached XP level 2. HP: 9/16 MP: 1/6
   354 | D:2      | Reached XP level 3. HP: 18/22 MP: 3/7
   435 | D:2      | Learned a level 2 spell: Static Discharge
   566 | D:2      | Reached XP level 4. HP: 14/28 MP: 0/8
   602 | D:2      | Noticed a scorpion
   607 | D:2      | HP: 1/28 [poisoned by a scorpion]
   608 | D:2      | Succumbed to a scorpion's poison

Illustrated notes

Levels and vault maps discovered:
D:1:      elethiomel_arrival_maze, layout_basic,
          chequers_ecumenical_altar_simple_redux, chequers_serial_rivers_room_b
D:2:      layout_loops_ring

Skill      XL: |  1  2  3 |
---------------+----------+-----
Fighting       | 1 2 3 |  3.0
Conjurations   | 2 |  2.0
Dodging        | |  2.1
Stealth        | |  2.0
Spellcasting   | |  2.0
Air Magic      | |  4.5

Action                   |  1- 3 |  4- 6 || total
-------------------------+-------+-------++-------
Melee: Kick              |     5 |     1 ||     6
       Unarmed           |     2 |       ||     2
       Whip              |    19 |     5 ||    24
       Peck              |     3 |       ||     3
 Cast: Shock             |    43 |     4 ||    47
       Static Discharge  |     1 |       ||     1
  Use: Potion            |       |     3 ||     3
 Stab: Sleeping          |     1 |       ||     1
Armor: Robe              |     8 |       ||     8
Dodge: Dodged            |    27 |     6 ||    33
